 Dungeon Crawl Stone Soup version 0.27.1 (webtiles) character file.

Game seed: 12413436275083471009

8956 Ejeck the Basher (level 11, -1/95 HPs)
             Began as a Minotaur Berserker on Aug 25, 2021.
             Was a High Priest of Trog.
             Slain by a sixfirhy (4 damage)
             ... summoned by an orc high priest
             ... in a bailey.
             The game lasted 00:17:36 (13043 turns).

Ejeck the Basher (Minotaur Berserker)              Turns: 13043, Time: 00:17:36

Health: -1/95      AC: 16    Str: 21    XL:     11   Next: 16%
Magic:  0/10       EV:  5    Int:  4    God:    Trog [*****.]
Gold:   542        SH: 18    Dex: 20    Spells: 10/10 levels left

rFire    . . .     SeeInvis .   E - +1 whip (drain)
rCold    . . .     Faith    .   o - +0 tower shield
rNeg     . . .     Spirit   +   u - +0 plate armour
rPois    .         Reflect  .   (helmet restricted)
rElec    .         Harm     .   m - scarf {+Inv}
rCorr    .         Rampage  .   d - +0 pair of gloves
Will     ++...                  l - +0 pair of boots
Stlth    ..........             n - amulet of guardian spirit
HPRegen  1.25/turn              f - +4 ring of slaying
MPRegen  0.12/turn              r - +6 ring of dexterity

@: strong-willed, on berserk cooldown, regenerating, hasted, very quick
A: horns 2, retaliatory headbutt
a: Renounce Religion, Evoke Invisibility, Berserk, Trog's Hand, Brothers in Arms


You were in a bailey.
You worshipped Trog.
Trog was extremely pleased with you.
You visited 1 branch of the dungeon, and saw 9 of its levels.
You also visited: Bailey.

You collected 542 gold pieces.

Inventory:

Hand Weapons
 E - a +1 whip of draining (weapon)
Armour
 d - a +0 pair of gloves (worn)
 l - a +0 pair of boots (worn)
 m - a scarf of invisibility (worn)
 o - a +0 tower shield (worn)
 u - a +0 plate armour (worn)
Jewellery
 f - a +4 ring of slaying (left hand)
 n - an amulet of guardian spirit (around neck)
 r - a +6 ring of dexterity (right hand)
 C - a ring of willpower
Wands
 c - a wand of polymorph (13)
 e - a wand of paralysis (6)
 z - a wand of charming (8)
 A - a wand of acid (9)
 B - a wand of flame (16)
Scrolls
 b - 2 scrolls of teleportation
 j - a scroll of magic mapping
 k - a scroll of acquirement {unknown}
 p - a scroll of vulnerability {unknown}
 v - a scroll of fog {unknown}
 y - a scroll of blinking {unknown}
 F - a scroll of torment {unknown}
Potions
 a - 2 potions of attraction
 g - a potion of flight
 h - a potion of heal wounds {unknown}
 i - a potion of might {unknown}
 q - a potion of lignification {unknown}
 s - a potion of berserk rage {unknown}
 t - 2 potions of haste
 w - a potion of resistance
 x - 2 potions of brilliance {unknown}


   Skills:
 + Level 8.7 Fighting
 - Level 12.0 Maces & Flails
 + Level 8.1 Armour
 - Level 2.1 Dodging
 * Level 10.8 Shields
 + Level 5.7 Evocations


You had 10 spell levels left.
You didn't know any spells.
Your spell library was empty.

Dungeon Overview and Level Annotations

Branches:
Dungeon (9/15)             Temple (0/1) D:7            Lair (0/6) D:8
 Bailey (1/1)
    Orc: D:9-12

Altars:
Ashenzari
Elyvilon
Gozag
Hepliaklqana
Makhleb
Nemelex Xobeh
Okawaru
Trog
Uskayaw
Wu Jian
Zin
The Shining One

Shops:
D:6 =

Annotations:
D:6 2 transporters


Innate Abilities, Weirdness & Mutations

You have a pair of horns on your head.
You reflexively headbutt those who attack you in melee.


Message History

You hit the orc high priest but do no damage.
You drain the orc high priest.
Your headbutt misses the orc high priest.
The orc high priest is lightly wounded.
You block the sixfirhy's attack. The sixfirhy hits you.
* * * LOW HITPOINT WARNING * * *
The sixfirhy shocks you!
* * * LOW HITPOINT WARNING * * *
You block the sixfirhy's attack.
The orc high priest hits you but does no damage.
Okay, then.
You hit the orc high priest. You drain the orc high priest.
The orc high priest is moderately wounded.
You block the sixfirhy's attack. x2
The sixfirhy hits you but does no damage.
You hit the orc high priest but do no damage.
The orc high priest is moderately wounded.
You block the orc high priest's attack.
You barely miss the orc high priest. You headbutt the orc high priest!
The orc high priest is moderately wounded.
The orc high priest hits you but does no damage.
You closely miss the orc high priest. You headbutt the orc high priest!
The orc high priest is heavily wounded.
Something unseen opens the door.
You block the orc high priest's attack.
Okay, then.
You hit the orc high priest. You drain the orc high priest.
The orc high priest is heavily wounded.
You feel yourself speed up.
The sixfirhy hits you but does no damage.
You block the sixfirhy's attack. x2
An orc warrior comes into view. It is wielding a +0 war axe.
The orc high priest mumbles some strange prayers to Beogh against you.
Beogh smites you!
* * * LOW HITPOINT WARNING * * *
Okay, then.
Okay, then.
You closely miss the orc high priest.
The orc high priest is heavily wounded.
The sixfirhy hits you.
You die...

....≈≈≈≈≈.#++####
....≈≈≈≈≈.#.....#
..........'.....#
..........)).⌠..#
..........))....#
....≈≈≈≈≈.#.....#
....≈≈≈≈≈.#''#####
###.≈≈≈≈≈.#......#
#≈≈≈≈≈≈.#....)@#
#≈≈≈≈≈######..3o3..#
#≈≈≈≈≈# #.8.8.8.+
#≈≈≈≈≈# #.......#
#≈≈≈≈≈# #######o#
#≈≈≈≈≈# ... #≈≈≈≈≈#
≈≈≈ ≈≈


You could see an orc high priest (drained), 2 sixfirhies and an orc warrior.

Vanquished Creatures
  2 two-headed ogres
  An orc sorcerer (Bailey)
  A hornet (D:8)
  4 wyverns
  5 yaks (D:8)
  A vampire mosquito (D:7)
  5 water moccasins
  2 orc warriors
  3 sky beasts
  A necrophage (D:5)
  9 ice beasts
  3 ogres
  2 phantoms
  6 centaurs
  Blork the orc (D:6)
  3 kobold brigands
  4 bullfrogs
  A gnoll sergeant (D:7)
  4 scorpions
  A wyvern zombie (D:8)
  A water moccasin skeleton (D:6)
  A water moccasin zombie (D:6)
  6 killer bees (D:9)
  9 wights
  2 howler monkeys
  3 centaur zombies
  A bullfrog zombie (D:6)
  3 hounds
  2 orc priests
  A centaur skeleton (D:7)
  Crazy Yiuf (D:6)
  2 bullfrog skeletons (D:5)
  2 gnoll shamans
  3 jellies
  5 iguanas
  5 orc wizards
  A killer bee zombie (D:6)
  A hound skeleton (D:4)
  Robin (D:2)
  15 gnolls
  8 adders
  A white imp (D:5)
  2 ufetubi
  2 worms (D:2)
  A dart slug (D:1)
  22 orcs
  4 ball pythons
  6 endoplasms
  7 giant cockroaches
  24 goblins
  11 hobgoblins
  7 jackals
  20 kobolds
  7 quokkas
  2 bats
  4 frilled lizards
  9 rats
261 creatures vanquished.

Vanquished Creatures (others)
  2 bushes (D:8)
  3 fungi (D:8)
  19 plants (D:8)
24 creatures vanquished.

Grand Total: 285 creatures vanquished

Notes
Turn   | Place    | Note
-------+----------+-------------------------------------------
     0 | D:1      | Ejeck the Minotaur Berserker began the quest for the Orb.
     0 | D:1      | Reached XP level 1. HP: 19/19 MP: 0/0
    51 | D:1      | Reached skill level 4 in Maces & Flails
   106 | D:1      | Reached XP level 2. HP: 26/26 MP: 1/1
   452 | D:1      | Reached skill level 5 in Maces & Flails
   553 | D:1      | Reached XP level 3. HP: 31/31 MP: 2/2
   603 | D:1      | Reached ** piety under Trog
   681 | D:1      | Found a faded altar of an unknown god.
  1239 | D:2      | Reached XP level 4. HP: 29/39 MP: 3/3
  1241 | D:2      | Reached skill level 6 in Maces & Flails
  1259 | D:2      | Noticed Robin
  1271 | D:2      | Killed Robin
  2310 | D:3      | Reached XP level 5. HP: 45/45 MP: 4/4
  2350 | D:3      | Found a hide-covered altar of Uskayaw.
  2350 | D:3      | Noticed a +0 dagger
  2350 | D:3      | Noticed a +0 spear
  2350 | D:3      | Noticed a +0 spear
  2352 | D:3      | Noticed a +0 short sword
  2352 | D:3      | Noticed a +0 short sword
  2353 | D:3      | Noticed a +0 dagger
  2353 | D:3      | Noticed a +0 falchion
  2353 | D:3      | Noticed a +0 falchion
  2373 | D:3      | Reached skill level 7 in Maces & Flails
  2800 | D:3      | Noticed a water moccasin
  2813 | D:3      | Killed a water moccasin
  2814 | D:3      | Reached skill level 8 in Maces & Flails
  2814 | D:3      | Reached XP level 6. HP: 40/51 MP: 5/5
  2967 | D:3      | Found a sparkling altar of Nemelex Xobeh.
  2967 | D:3      | Found an opulent altar of Gozag.
  2984 | D:3      | Found a white marble altar of Elyvilon.
  2984 | D:3      | Found a glowing silver altar of Zin.
  2984 | D:3      | Found a glowing golden altar of the Shining One.
  3035 | D:4      | Reached skill level 9 in Maces & Flails
  3040 | D:4      | Reached *** piety under Trog
  3045 | D:4      | Reached XP level 7. HP: 24/57 MP: 6/6
  3320 | D:4      | Found a transporter.
  3342 | D:4      | Found a transporter.
  3353 | D:4      | Reached skill level 10 in Maces & Flails
  3362 | D:4      | Reached skill level 11 in Maces & Flails
  3580 | D:4      | Reached XP level 8. HP: 53/64 MP: 7/7
  3841 | D:5      | Entered Level 5 of the Dungeon
  3916 | D:5      | Reached skill level 12 in Maces & Flails
  3916 | D:5      | Reached skill level 1 in Shields
  4050 | D:5      | Reached skill level 1 in Evocations
  4622 | D:5      | Reached **** piety under Trog
  4698 | D:5      | Found an ornate altar of the Wu Jian Council.
  5182 | D:6      | Found a runed translucent door.
  5183 | D:6      | Noticed Crazy Yiuf
  5218 | D:6      | Reached skill level 5 in Fighting
  5218 | D:6      | Reached XP level 9. HP: 74/74 MP: 8/8
  5331 | D:6      | Reached skill level 5 in Shields
  5560 | D:6      | Found Vaaxeah's Jewellery Emporium.
  5874 | D:6      | Noticed Blork the orc
  5883 | D:6      | Killed Blork the orc
  5884 | D:6      | Reached skill level 5 in Armour
  6027 | D:6      | Found a transporter.
  6044 | D:6      | Noticed a boulder beetle
  6061 | D:6      | Found a transporter.
  6071 | D:6      | Found an iron altar of Okawaru.
  6072 | D:6      | Found a broken altar of Ashenzari.
  6072 | D:6      | Found a hazy altar of Hepliaklqana.
  6467 | D:6      | Killed Crazy Yiuf
  6618 | D:7      | Found a bloodstained altar of Trog.
  6633 | D:7      | Found a burning altar of Makhleb.
  6727 | D:7      | Found a staircase to the Ecumenical Temple.
  6756 | D:7      | Noticed a two-headed ogre
  6766 | D:7      | Killed a two-headed ogre
  6767 | D:7      | Reached XP level 10. HP: 45/84 MP: 9/9
 11510 | D:8      | Noticed a two-headed ogre
 11521 | D:8      | Killed a two-headed ogre
 11827 | D:8      | Reached skill level 5 in Evocations
 11851 | D:8      | Reached ***** piety under Trog
 11858 | D:8      | Reached skill level 10 in Shields
 12216 | D:8      | Found a staircase to the Lair.
 12376 | D:8      | Reached XP level 11. HP: 95/95 MP: 10/10
 12962 | D:9      | Found a flagged portal.
 12971 | Bailey   | Entered a bailey
 13014 | Bailey   | Noticed an orc sorcerer
 13021 | Bailey   | Noticed an orc high priest
 13027 | Bailey   | Noticed a sixfirhy
 13028 | Bailey   | Noticed a sixfirhy
 13028 | Bailey   | Noticed a sixfirhy
 13035 | Bailey   | Killed an orc sorcerer
 13042 | Bailey   | HP: 2/95 [orc high priest/divine providence (11)]
 13043 | Bailey   | Slain by a sixfirhy

Illustrated notes

Levels and vault maps discovered:
D:1:      elethiomel_arrival_shortcut, layout_basic, serial_glass,
          glass_columns_b, glass_columns_a, feat_on_display,
          minmay_strange_pillars, feat_on_display,
          shapermc_ecumenical_altar_mp_vishouse
D:2:      layout_basic, uniq_robin
D:3:      layout_rooms, grunt_temple_overflow_opulence, good_gods_mini_temple,
          nicolae_uskayaw_en_pointe, roderic_roman_lattice, serial_bayou_pond_c,
          minmay_strange_pillars
D:4:      gammafunk_cloud_chamber, layout_basic
D:5:      layout_basic, old_standard_altar, portal_sewer_entry_f,
          minmay_circle_x
D:6:      layout_loops_cross, gammafunk_temple_overflow_arena, serial_shops,
          nicolae_take_the_stairs, uniq_crazy_yiuf_cottage, uniq_blork_the_orc
D:7:      hangedman_cross_stitches, layout_loops_ring,
          mainiacjoe_overflow_catwalk_spiral, minmay_temple_entry_antechambers,
          st_stairs_11
D:8:      layout_gridville, minmay_lair_entry_grove, enter_ossuary_5,
          minmay_door_square
D:9:      layout_loops_ring, yredelemnul_altar_generic, enter_bailey_2,
          minmay_misc_feat_rugged, uniq_psyche
Bailey:   bailey_axe_of_yendor_kennysheep, bailey

Skill      XL: |  1  2  3  4  5  6  7  8  9 10 11 |
---------------+----------------------------------+-----
Maces & Flails | 4 5 6 8 9 11 12 | 12.0
Shields        | 4 7 10 | 10.8
Fighting       | 5 6 8 |  8.7
Armour         | 4 6 7 8 |  8.1
Evocations     | 2 4 5 |  5.7
Dodging        | |  2.1

Action                   |  1- 3 |  4- 6 |  7- 9 | 10-12 || total
-------------------------+-------+-------+-------+-------++-------
Melee: Mace              |    87 |   109 |   216 |       ||   412
       Headbutt          |    14 |    16 |    59 |    72 ||   161
       Whip              |       |       |    40 |   269 ||   309
Invok: Berserk           |     1 |       |     5 |     3 ||     9
       Trog's Hand       |       |     1 |     2 |     1 ||     4
 Abil: Evoke Invisibilit |       |       |       |     1 ||     1
Evoke: Wand              |       |       |       |     5 ||     5
  Use: Potion            |       |       |     1 |     1 ||     2
       Scroll            |       |       |     3 |     4 ||     7
Armor: Ring mail         |    37 |    52 |    24 |       ||   113
       Plate armour      |       |       |    75 |    97 ||   172
Dodge: Dodged            |    46 |    73 |    55 |    21 ||   195
Block: Tower shield      |       |       |   169 |   224 ||   393
